 Dungeon Crawl Stone Soup version 0.23.2-1-ga50397a (webtiles) character file.

Game seed: 10545666727902962827

33 Iscandelvey the Vexing (level 3, 26/26 HPs)
             Began as a Demonspawn Arcane Marksman on Apr 17, 2019.
             Quit the game on level 1 of the Dungeon.
             The game lasted 00:00:30 (620 turns).

Iscandelvey the Vexing (Demonspawn Arcane Marksman)  Turns: 620, Time: 00:00:31

Health: 26/26      AC:  2    Str: 10    XL:     3   Next: 12%
Magic:  4/4        EV: 12    Int: 15    God:
Gold:   58         SH:  0    Dex: 13    Spells: 3/4 levels left

rFire    . . .     SeeInvis .   a - +0 hand crossbow
rCold    . . .     Gourm    .   (no shield)
rNeg     . . .     Faith    .   e - +0 robe
rPois    .         Spirit   .   (helmet restricted)
rElec    .         Reflect  .   (no cloak)
rCorr    .         Harm     .   (no gloves)
MR       .....                  (no boots)
Stlth    +.........             (no amulet)
HPRegen  0.08/turn              (no ring)
MPRegen  0.09/turn              (no ring)

@: no status effects
A: antennae 1
a: no special abilities


You were on level 1 of the Dungeon.
You were not hungry.

You visited 1 branch of the dungeon, and saw 1 of its levels.

You collected 58 gold pieces.

Inventory:

Hand Weapons
 a - a +0 hand crossbow (weapon)
Missiles
 d - 30 bolts (quivered)
Armour
 e - a +0 robe (worn)
Jewellery
 h - a cursed amulet of inaccuracy {unknown}
Scrolls
 c - a scroll of enchant armour {unknown}
 j - a scroll of magic mapping {unknown}
Potions
 b - a potion of might {unknown}
 g - a potion of agility {unknown}
 i - 2 potions of heal wounds {unknown}
 k - a potion of invisibility {unknown}
Comestibles
 f - 2 rations


   Skills:
 + Level 1.6 Fighting
 + Level 2.1 Crossbows
 + Level 2.1 Dodging
 + Level 0.2 Stealth
 + Level 1.0 Spellcasting
 + Level 3.5 Hexes


You had 3 spell levels left.
You knew the following spells:

 Your Spells              Type           Power        Failure   Level  Hunger
a - Corona                Hex            ##.....      6%          1    ##.....

Your spell library contained the following spells:

 Spells                   Type           Power        Failure   Level  Hunger
 Slow                     Hex            ##......     9%          2    ###....
 Inner Flame              Hex/Fire       #.......     34%         3    ####...
 Portal Projectile        Hex/Tloc       #.....       34%         3    ####...
 Cause Fear               Hex            ##........   50%         4    #####..
 Leda's Liquefaction      Hex/Erth       #.........   75%         4    #####..


Dungeon Overview and Level Annotations

Branches:
Dungeon (1/15)

Altars:


Innate Abilities, Weirdness & Mutations

You have a pair of small antennae on your head.


Message History

A kobold comes into view.
You see here a ration.
Firing (i - inventory)
d - 30 bolts (quivered)
Press: ? - help, Shift-Dir - straight line, f - kobold
Aim: a kobold (resting)
You shoot a bolt. The bolt hits the kobold!
You kill the kobold!
f - 2 rations (gained 1)
A kobold comes into view.
Firing (i - inventory)
d - 29 bolts (quivered)
Press: ? - help, Shift-Dir - straight line, f - kobold
Aim: a kobold You shoot a bolt.
The bolt hits the kobold!
You kill the kobold!
d - 29 bolts (gained 1)
d - 30 bolts (gained 1)
Things that are here:
4 stones; a kobold corpse
k - a dark potion Are you sure you want to abandon this character and quit the game? (Confirm with "yes".)

.......#.##.....#
##.#.# ##.
....##.#.###.####
###.# ##
...###.......#
#########.# # #+##
####.##.## #(......#.#
#.#
#......#####...###.#.#
#.#
#.'#≈≈##.......#.....#
#.##
#.#....#.....#.#.#.###
...##
#.≈....≈.....#.....# #
....#
#.≈..⌠.≈.@...###.### #
...#####.≈....≈.....#
#.# #
#>.......#....#.....#
# #
..#########≈≈###≈§####
...# #.#
#...§.#....#.# #..
#.## #.....§....≈.#
### ...#
#.....§.⌠<.≈.# ##.#
#.....§....≈.# #.##
###.....#....#(#


There were no monsters in sight!

Vanquished Creatures
  A dart slug (D:1)
  3 giant cockroaches (D:1)
  4 goblins (D:1)
  4 hobgoblins (D:1)
  4 jackals (D:1)
  2 ball pythons (D:1)
  5 bats (D:1)
  A frilled lizard (D:1)
  3 kobolds (D:1)
27 creatures vanquished.

Notes
Turn   | Place    | Note
-------+----------+-------------------------------------------
     0 | D:1      | Iscandelvey the Demonspawn Arcane Marksman began the quest
                  | for the Orb.
     0 | D:1      | Reached XP level 1. HP: 15/15 MP: 2/2
   193 | D:1      | Gained mutation: You have a pair of small antennae on your
                  | head. [demonic ancestry]
   193 | D:1      | Reached XP level 2. HP: 19/21 MP: 3/3
   513 | D:1      | Reached XP level 3. HP: 22/26 MP: 4/4
   620 | D:1      | Quit the game

Skill      XL: |  1  2 |
---------------+-------+-----
Dodging        | 2 |  2.1
Crossbows      | 2 |  2.1
Fighting       | |  1.6
Stealth        | |  0.2
Spellcasting   | |  1.0
Hexes          | |  3.5

Action                   || total
-------------------------++-------
 Fire: Hand crossbow     ||    69
Armor: Robe              ||    19
Dodge: Dodged            ||    31
